 Dungeon Crawl Stone Soup version 0.18-a0-721-g8fc53f4 (console) character file.

141 bli the Insei (level 5, -5/41 HPs)
             Began as a Merfolk Transmuter on Dec 8, 2015.
             Was an Initiate of Dithmenos.
             Slain by a giant frog skeleton (6 damage)
             ... on level 4 of the Dungeon.
             The game lasted 00:07:24 (2966 turns).

bli the Insei (Merfolk Transmuter)                  Turns: 2966, Time: 00:07:24

Health: -5/41      AC:  2    Str: 10    XL:     5   Next: 24%
Magic:  8/8        EV: 14    Int: 13    God:    Dithmenos [......]
Gold:   151        SH:  0    Dex: 15    Spells: 1 memorised, 8 levels left

rFire  . . .     SeeInvis .     r - +2 spear (chaos)
rCold  . . .     Clarity  .     b - +0 robe
rNeg   . . .     SustAt   .     (no shield)
rPois  .         Gourm    .     (no helmet)
rElec  .         Spirit   .     (no cloak)
rCorr  .         Dismiss  .     (no gloves)
rMut   .         Stasis   .     (no boots)
MR     .....                    (no amulet)
Stlth  ++........               (no ring)
                                (no ring)

@: not resistant to hostile enchantments, unstealthy
A: change form in water, swift swim
a: Renounce Religion


You were on level 4 of the Dungeon.
You worshipped Dithmenos.
Dithmenos was noncommittal.
You were not hungry.

You visited 1 branch of the dungeon, and saw 4 of its levels.

You collected 151 gold pieces.

Inventory:

Hand Weapons
 a - a +2 spear of chaos
 r - a +2 spear of chaos (weapon)
Missiles
 f - 45 stones (quivered)
 s - 66 arrows
Armour
 b - a +0 robe (worn)
Wands
 u - a wand of polymorph (9)
Scrolls
 e - 2 scrolls of random uselessness {unknown}
 g - 2 scrolls of enchant weapon {unknown}
 h - a scroll of remove curse {unknown}
 k - 3 scrolls of magic mapping {unknown}
 l - 6 scrolls of identify {unknown}
 m - a scroll of teleportation {unknown}
 n - 2 scrolls of fog {unknown}
 q - a scroll of recharging {unknown}
Potions
 p - a potion of flight {unknown}
Books
 c - a book of Changes

   Spells                             Type                      Level
   a - Beastly Appendage              Transmutation                1
   b - Sticks to Snakes               Transmutation                2
   c - Spider Form                    Transmutation/Poison         3
   d - Ice Form                       Ice/Transmutation            4
   e - Blade Hands                    Transmutation                5
Comestibles
 d - 3 bread rations
 i - 4 fruits
 j - 2 beef jerkies
 o - a meat ration
 t - a royal jelly


   Skills:
 * Level 3.5 Fighting
 + Level 1.1 Polearms
 + Level 3.8 Dodging
 + Level 0.5 Stealth
 + Level 3.9 Unarmed Combat
 + Level 2.5 Spellcasting
 + Level 2.8 Transmutations


You had 8 spell levels left.
You knew the following spells:

 Your Spells              Type           Power        Failure   Level  Hunger
a - Beastly Appendage     Trmt           #.....       10%         1    #......


Dungeon Overview and Level Annotations

Branches:
Dungeon (4/15)
 Temple: D:4-7

Altars:
Ashenzari
Dithmenos
Elyvilon
Gozag
Xom


Message History

The giant frog skeleton looks faint for a moment.
The giant frog skeleton completely misses you.
The giant frog skeleton barely misses you.
You completely miss the giant frog skeleton.
The giant frog skeleton closely misses you.
The giant frog skeleton hits you.
* * * LOW HITPOINT WARNING * * *
You hit the giant frog skeleton. The giant frog skeleton hits you.
* * * LOW HITPOINT WARNING * * *
You barely miss the giant frog skeleton.
The giant frog skeleton hits you.
* * * LOW HITPOINT WARNING * * *
The giant frog skeleton closely misses you.
You hit the giant frog skeleton.
You punch the giant frog skeleton, but do no damage.
The giant frog skeleton hits you.
* * * LOW HITPOINT WARNING * * *
The giant frog skeleton closely misses you.
You hit the giant frog skeleton.
Nothing appears to happen.
The giant frog skeleton hits you.
You die...

#################################
### #....## #.. ... #.>... ... ..
#### #....# #.# #.## #... #....#
#.# ..#######.## #....# # #.#
#........... #.##....# .#
#Z#####..####.....
#.......###.####@##...#.#....†...
#####........)...................
..........#.........#.#...#......
#####..##.######..........#######
....#..##...# ######.#..##
###.#..####.#########.#...#
..#.#..#...........##.....#
..#.#..#.##..#####.##.#...#
..#.#..#.###.# #.####.#.#
###.#........# #.# #.#.#
....#.##.##### #.####.###


You could see a giant frog skeleton.

Vanquished Creatures
  An orc wizard (D:4)
  An iguana (D:4)
  2 adders
  An ooze (D:3)
  An adder skeleton (D:4)
  6 giant geckos
  10 orcs
  2 ball pythons
  2 bats
  5 hobgoblins
  4 jackals (D:1)
  A quokka (D:4)
  4 giant newts
  3 goblins (D:1)
  5 kobolds
  2 rats (D:1)
50 creatures vanquished.

Notes
Turn   | Place    | Note
--------------------------------------------------------------
     0 | D:1      | bli the Merfolk Transmuter began the quest for the Orb.
     0 | D:1      | Reached XP level 1. HP: 15/15 MP: 3/3
   531 | D:1      | Reached XP level 2. HP: 11/21 MP: 3/5
   585 | D:1      | HP: 1/21 [jackal (3)]
  1153 | D:1      | Reached XP level 3. HP: 25/27 MP: 6/6
  1406 | D:2      | Found a shattered altar of Ashenzari.
  1552 | D:2      | Found a white marble altar of Elyvilon.
  1990 | D:3      | Found an opulent altar of Gozag.
  2347 | D:3      | Found a shimmering altar of Xom.
  2351 | D:3      | Reached XP level 4. HP: 19/34 MP: 5/7
  2636 | D:4      | Reached XP level 5. HP: 26/41 MP: 6/8
  2869 | D:4      | Found a shadowy altar of Dithmenos.
  2895 | D:4      | Became a worshipper of Dithmenos the Shadowed
  2927 | D:4      | Reached skill level 1 in Polearms
  2964 | D:4      | HP: 1/41 [giant frog skeleton (6)]
  2966 | D:4      | Slain by a giant frog skeleton

Vault maps used:
D:1:      nagdon_arrival_double_spiral, minmay_misc_feat_cross
D:2:      ashenzari_conservatory_becter, elyvilon_altar_5
D:3:      nicolae_overflow_crystal_walls, tgw_xom, first_bread
D:4:      kennysheep_mini, uniq_crazy_yiuf_cottage

Action                   |  1- 3 |  4- 6 || total
-------------------------+-------+-------++-------
Melee: Unarmed           |   128 |       ||   128
       Spear             |       |    60 ||    60
 Cast: Beastly Appendage |    12 |     4 ||    16
 Stab: Distracted        |       |     1 ||     1
  Eat: Chunk             |     5 |     2 ||     7
